 Dungeon Crawl Stone Soup version 0.31-a0-166-g46f44d267d (webtiles) character file.

Game seed: 9892607462039336113

10150 qw the Cleaver (level 11, -9/72 HPs)
             Began as a Gargoyle Fighter on June 13, 2023.
             Mangled by an ogre
             ... wielding a +0 giant spiked club
              (13 damage)
             ... on level 10 of the Dungeon.
             The game lasted 00:05:16 (9625 turns).

qw the Cleaver (Gargoyle Fighter)                   Turns: 9625, Time: 00:05:17

Health: -9/72      AC: 32    Str: 28    XL:     11   Next: 57%
Magic:  11/11      EV: 12    Int: 11    God:
Gold:   719        SH:  4    Dex:  7    Spells: 10/10 levels left

rFire   + . .        Y - +0 broad axe
rCold   + + .        c - +0 buckler
rNeg    + . .        b - +4 plate armour {rC+}
rPois   inf          i - +0 helmet
rElec   +            h - scarf {rC+ rF+}
rCorr   .            a - +2 pair of gloves
SInv    .            e - +0 pair of boots
Will    +....        (no amulet) Stlth
                     q - ring of willpower
HPRegen 0.32/turn    s - +5 ring of evasion
MPRegen 0.12/turn

%: no passive effects
@: no status effects
A: sickness immunity, AC +8, negative energy resistance 1, electricity
resistance, torment resistance 1, petrification resistance, clever 1, strong 1
a: no special abilities


You were on level 10 of the Dungeon.
You visited 2 branches of the dungeon, and saw 11 of its levels.

You collected 719 gold pieces.


Innate Abilities, Weirdness & Mutations

You are immune to sickness and miasma.
Your stone body is resilient. (AC +8)
You are immune to poison.
You resist negative energy. (rN+)
You are resistant to electric shocks. (rElec)
You are resistant to unholy torment.
You are immune to petrification.
Your mind is acute. (Int +4, Str/Dex -1)
Your muscles are strong. (Str +4, Int/Dex -1)


   Skills:
 + Level 9.9 Fighting
 - Level 12.0 Axes
 - Level 1.1 Throwing
 - Level 9.0 Armour
 - Level 1.0 Dodging
 - Level 6.0 Shields


You had 10 spell levels left.
You didn't know any spells.
Your spell library was empty.

Inventory:

Hand Weapons
 g - a +1 morningstar
 p - a +2 flail of holy wrath
 Y - a +0 broad axe (weapon)
Missiles
 o - 7 boomerangs (quivered)
Armour
 a - a +2 pair of gloves (worn)
 b - a +4 plate armour of cold resistance (worn)
 c - a +0 buckler (worn)
 e - a +0 pair of boots (worn)
 h - a scarf of resistance (worn)
 i - a +0 helmet (worn)
 m - a +0 cloak
Jewellery
 q - a ring of willpower (left hand)
 s - a +5 ring of evasion (right hand)
Scrolls
 j - 2 scrolls of identify
Potions
 d - a potion of might
 f - a potion of haste
 k - 5 potions of curing
 l - 3 potions of attraction
 n - a potion of magic
 r - a potion of mutation
 t - 2 potions of lignification
 u - a potion of resistance {unknown}

Dungeon Overview and Level Annotations

Branches:
Dungeon (10/15)            Temple (1/1) D:6            Lair (0/5) D:9
    Orc (0/2) D:10

Altars:
Ashenzari
Cheibriados
Dithmenos
Elyvilon
Fedhas
Gozag
Hepliaklqana
Kikubaaqudgha
Makhleb
Nemelex Xobeh
Qazlal
Ru
Sif Muna
Trog
Uskayaw
Vehumet
Wu Jian
Xom
Yredelemnul
Zin

Annotations:
D:7 2 runed translucent doors
D:8 3 runed translucent doors, qw's ghost, novice NaHu


Message History

The troll closely misses you.
You slash the troll!
You kill the troll!
You closely miss the orc warrior. You barely miss the orc warrior.
You closely miss the orc warrior.
The orc warrior hits you but does no damage.
The orc warrior closely misses you. The orc misses you.
You slice the orc warrior!!
The orc warrior is almost dead.
You slash the orc warrior!
The orc warrior hits you but does no damage. x2
The orc barely misses you.
You slash the orc warrior!
You kill the orc warrior!
You closely miss the orc warrior. The orc misses you.
You hit the orc warrior but do no damage.
The orc warrior is severely wounded.
You hit the orc but do no damage.
The orc warrior hits you with a +0 flail.
The orc hits you but does no damage. The orc closely misses you.
You slice the orc warrior!!
You kill the orc warrior!
You closely miss the orc. You block the orc's attack.
The orc closely misses you.
You completely miss the orc. The orc hits you but does no damage.
The orc barely misses you.
You slash the orc!
You kill the orc!
The orc barely misses you.
The kobold brigand throws a poisoned dart.
The poisoned dart hits you!
You slice the ogre!!
The ogre is severely wounded.
The ogre barely misses you. You block the orc's attack.
You barely miss the ogre.
The ogre is severely wounded.
The orc closely misses you.
The ogre hits you with a +0 giant spiked club!
You die... #### ### #8.. ### ##.# #.[. ####.### ##..## #..> #.#....###..... #ogg ##............. 8Ko

#......#.....#.
#####O###.........####.
#....)@...........)....
#(#######.....#.).)))..
........##........
#.......##))....>.
.>.........##..... #.
##.#..)......... #..
###..##........
#...###............
#........###.......


You could see a kobold brigand, an ogre, 2 gnoll sergeants and 2 orcs.

Vanquished Creatures
  An ice statue (D:9)
  2 gargoyles (D:10)
  A kobold demonologist (D:10)
  Maggie (D:6)
  A troll (D:10)
  A hornet (D:8)
  Grinder (D:5)
  15 yaks
  A wyvern (D:10)
  A wraith (D:9)
  Edmund (D:6)
  Duvessa (D:4)
  2 water moccasins
  13 orc warriors
  An ice beast (D:6)
  A black bear (D:7)
  5 ogres
  A centaur (D:6)
  A phantom (D:5)
  Blork the orc (D:5)
  3 kobold brigands
  3 bullfrogs
  2 scorpions
  14 wights
  Dowan (D:4)
  14 killer bees
  4 howler monkeys (D:7)
  3 hounds
  2 jellies
  7 orc priests
  7 iguanas
  Jessica (D:2)
  Ijyb (D:4)
  10 orc wizards
  Robin (D:4)
  4 adders
  9 gnolls
  A shadow imp (D:8)
  A white imp (D:8)
  A worm (D:2)
  7 dart slugs
  52 orcs
  4 ball pythons
  2 bats (D:2)
  12 endoplasms
  3 giant cockroaches
  20 goblins
  5 hobgoblins
  10 jackals
  21 kobolds
  6 quokkas
  3 frilled lizards
  5 rats
291 creatures vanquished.

Notes
Turn   | Place    | Note
-------+----------+-------------------------------------------
     0 | D:1      | qw the Gargoyle Fighter began the quest for the Orb.
     0 | D:1      | Reached XP level 1. HP: 14/14 MP: 1/1
     0 | D:1      | 0 ||| qw: Version: 0.2-a-29-gc1b59c4
     0 | D:1      | 0 ||| qw: Game counter: 4822
     0 | D:1      | 0 ||| qw: Always use a shield: true
     0 | D:1      | 0 ||| qw: God list: Okawaru
     0 | D:1      | 0 ||| qw: Allow faded altars: false
     0 | D:1      | 0 ||| qw: Do Orc after D:15 true
     0 | D:1      | 0 ||| qw: Do second Lair branch before Depths: true
     0 | D:1      | 0 ||| qw: Lair rune preference: random
     0 | D:1      | 0 ||| qw: Plans: Normal, Zot:1-4, Slime:5, God:TSO, Crypt,
                  | Tomb, Abyss, Pan, Hells, Win
     0 | D:1      | 0 ||| PLANNING D:1-11
    37 | D:1      | 37 ||| Stepping ~*~*~tactically~*~*~ (stealth).
    50 | D:1      | Reached skill level 2 in Axes
    52 | D:1      | 52 ||| Stepping ~*~*~tactically~*~*~ (stealth).
   182 | D:1      | Reached XP level 2. HP: 19/19 MP: 2/2
   269 | D:1      | 269 ||| DROPPING +0 whip of pain.
   283 | D:1      | 283 ||| Stepping ~*~*~tactically~*~*~ (hiding).
   592 | D:1      | Reached skill level 3 in Axes
   637 | D:1      | Reached XP level 3. HP: 23/23 MP: 3/3
   857 | D:1      | 857 ||| READING scroll labelled YGRUSO DYSAGY.
   858 | D:1      | 858 ||| READING scroll labelled PUSHRA IXUVA.
   859 | D:1      | 859 ||| READING scroll labelled TAGOCZ SOKIH.
   864 | D:1      | 864 ||| READING scroll labelled BUDDUV UPNUTO.
   879 | D:1      | 879 ||| READING scroll labelled RIJESM GEOSK.
   880 | D:1      | 880 ||| DRINKING 2 smoky golden potions.
  1208 | D:2      | Reached XP level 4. HP: 28/28 MP: 4/4
  1345 | D:2      | Reached skill level 4 in Axes
  1462 | D:2      | Noticed Jessica
  1464 | D:2      | 1464 ||| Stepping ~*~*~tactically~*~*~ (hiding).
  1472 | D:2      | 1472 ||| Stepping ~*~*~tactically~*~*~ (hiding).
  1474 | D:2      | 1474 ||| Stepping ~*~*~tactically~*~*~ (hiding).
  1475 | D:2      | 1475 ||| Stepping ~*~*~tactically~*~*~ (hiding).
  1482 | D:2      | Killed Jessica
  1495 | D:2      | 1495 ||| READING scroll of enchant weapon.
  1495 | D:2      | 1495 ||| ENCHANTING +1 war axe.
  1671 | D:2      | 1671 ||| UPGRADING to +2 pair of gloves.
  1676 | D:2      | 1676 ||| UPGRADING to +0 pair of boots.
  1681 | D:2      | 1681 ||| UPGRADING to scarf of resistance.
  1686 | D:2      | 1686 ||| UPGRADING to +0 plate armour.
  1696 | D:2      | 1696 ||| DROPPING +0 scale mail.
  1758 | D:3      | 1758 ||| Stepping ~*~*~tactically~*~*~ (hiding).
  1766 | D:3      | Reached XP level 5. HP: 32/32 MP: 5/5
  1841 | D:3      | 1841 ||| SWAPPING to +0 broad axe.
  1842 | D:3      | 1842 ||| DROPPING +2 war axe.
  1877 | D:3      | Reached skill level 5 in Axes
  1967 | D:3      | 1967 ||| Stepping ~*~*~tactically~*~*~ (hiding).
  2218 | D:3      | 2218 ||| Stepping ~*~*~tactically~*~*~ (hiding).
  2221 | D:3      | 2221 ||| Stepping ~*~*~tactically~*~*~ (hiding).
  2228 | D:3      | 2228 ||| Stepping ~*~*~tactically~*~*~ (stealth).
  2232 | D:3      | 2232 ||| Stepping ~*~*~tactically~*~*~ (stealth).
  2321 | D:3      | Reached XP level 6. HP: 24/38 MP: 6/6
  2731 | D:3      | Found a faded altar of an unknown god.
  2732 | D:3      | 2732 ||| READING scroll labelled TUET LYKAMYXT.
  2732 | D:3      | Identified a scroll of acquirement
  2732 | D:3      | 2732 ||| ACQUIRING +4 plate armour of cold resistance
  2732 | D:3      | Acquired a +4 plate armour of cold resistance
  2734 | D:3      | 2734 ||| UPGRADING to +4 plate armour of cold resistance.
  2744 | D:3      | 2744 ||| DROPPING +0 plate armour.
  2875 | D:4      | Noticed Duvessa
  2875 | D:4      | Noticed Dowan
  2876 | D:4      | 2876 ||| Stepping ~*~*~tactically~*~*~ (hiding).
  2886 | D:4      | Killed Duvessa
  2887 | D:4      | Reached skill level 6 in Axes
  2889 | D:4      | Reached XP level 7. HP: 41/43 MP: 7/7
  2895 | D:4      | Killed Dowan
  2963 | D:4      | 2963 ||| Stepping ~*~*~tactically~*~*~ (hiding).
  2964 | D:4      | 2964 ||| Stepping ~*~*~tactically~*~*~ (hiding).
  3001 | D:4      | 3001 ||| Stepping ~*~*~tactically~*~*~ (hiding).
  3009 | D:4      | Noticed Ijyb
  3016 | D:4      | Killed Ijyb
  3112 | D:4      | 3112 ||| DROPPING +0 mace.
  3177 | D:4      | 3177 ||| Stepping ~*~*~tactically~*~*~ (hiding).
  3179 | D:4      | 3179 ||| Stepping ~*~*~tactically~*~*~ (hiding).
  3348 | D:4      | Reached skill level 7 in Axes
  3415 | D:4      | 3415 ||| Stepping ~*~*~tactically~*~*~ (hiding).
  3432 | D:4      | Noticed Robin
  3451 | D:4      | Killed Robin
  3502 | D:4      | 3502 ||| DROPPING +0 flail.
  3708 | D:4      | Reached skill level 1 in Dodging
  3708 | D:4      | Reached XP level 8. HP: 33/49 MP: 8/8
  3714 | D:4      | Reached skill level 1 in Throwing
  3854 | D:4      | Found a stormy altar of Qazlal.
  3939 | D:4      | 3939 ||| Stepping ~*~*~tactically~*~*~ (hiding).
  3970 | D:4      | 3970 ||| UPGRADING to +0 helmet.
  3975 | D:4      | 3975 ||| UPGRADING to ring of willpower.
  3976 | D:4      | 3976 ||| READING scroll labelled RYWADA VYOGY.
  3977 | D:4      | 3977 ||| READING 2 scrolls labelled WOYRYSO OLEST.
  3978 | D:4      | 3978 ||| DRINKING 2 emerald potions.
  3979 | D:4      | 3979 ||| DRINKING 3 purple potions.
  3980 | D:4      | 3980 ||| READING 2 scrolls of identify.
  3980 | D:4      | 3980 ||| IDENTIFYING bubbling yellow potion
  3981 | D:4      | 3981 ||| DROPPING 2 potions of enlightenment.
  3982 | D:4      | 3982 ||| DROPPING scroll of noise.
  3993 | D:5      | Entered Level 5 of the Dungeon
  3995 | D:5      | 3995 ||| Stepping ~*~*~tactically~*~*~ (hiding).
  4003 | D:5      | 4003 ||| Stepping ~*~*~tactically~*~*~ (stealth).
  4038 | D:5      | 4038 ||| Stepping ~*~*~tactically~*~*~ (hiding).
  4241 | D:5      | Noticed Grinder
  4242 | D:5      | 4242 ||| Stepping ~*~*~tactically~*~*~ (hiding).
  4243 | D:5      | 4243 ||| Stepping ~*~*~tactically~*~*~ (hiding).
  4245 | D:5      | 4245 ||| Stepping ~*~*~tactically~*~*~ (hiding).
  4260 | D:5      | Killed Grinder
  4261 | D:5      | Reached skill level 6 in Armour
  4279 | D:5      | Noticed Blork the orc
  4286 | D:5      | Killed Blork the orc
  4296 | D:5      | Reached skill level 8 in Axes
  4400 | D:5      | Found a bloodstained altar of Trog.
  4599 | D:5      | You fall into a shaft and drop 1 floor!
  4605 | D:6      | 4605 ||| READING scroll labelled CEH KYITRUA.
  4606 | D:6      | 4606 ||| DRINKING 2 fuming golden potions.
  4607 | D:6      | 4607 ||| DRINKING 2 clear potions.
  4608 | D:6      | 4608 ||| DROPPING potion of invisibility.
  4698 | D:6      | Reached skill level 6 in Fighting
  4729 | D:6      | Reached XP level 9. HP: 19/55 MP: 9/9
  4961 | D:6      | Noticed Edmund
  4974 | D:6      | Killed Edmund
  5078 | D:6      | Found a staircase to the Ecumenical Temple.
  5079 | D:6      | 5079 ||| PLANNING TEMPLE
  5079 | D:6      | 5079 ||| READING scroll labelled HOXOTHR XENGE.
  5089 | Temple   | Entered the Ecumenical Temple
  5154 | Temple   | 5154 ||| PLANNING D:1-11
  5185 | D:6      | Noticed Maggie
  5203 | D:6      | Killed Maggie
  5204 | D:6      | Reached skill level 9 in Axes
  5609 | D:6      | 5609 ||| READING scroll labelled WUN HAIPAATS.
  5715 | D:7      | 5715 ||| FLEEEEING.
  5737 | D:7      | 5737 ||| Stepping ~*~*~tactically~*~*~ (hiding).
  5945 | D:7      | Found a large runed translucent door.
  5946 | D:7      | Found a large runed translucent door.
  6081 | D:7      | Reached skill level 10 in Axes
  6216 | D:7      | Reached XP level 10. HP: 63/63 MP: 10/10
  6493 | D:7      | 6493 ||| UPGRADING to +5 ring of evasion.
  6494 | D:7      | 6494 ||| READING scroll labelled EFRAUNW GERA.
  6601 | D:7      | 6601 ||| READING 3 scrolls of identify.
  6601 | D:7      | 6601 ||| IDENTIFYING blue potion
  6602 | D:7      | 6602 ||| READING 2 scrolls of identify.
  6602 | D:7      | 6602 ||| IDENTIFYING black potion
  6603 | D:7      | 6603 ||| DROPPING potion of berserk rage.
  6604 | D:7      | 6604 ||| DROPPING potion of degeneration.
  6867 | D:8      | 6867 ||| Stepping ~*~*~tactically~*~*~ (hiding).
  6868 | D:8      | 6868 ||| Stepping ~*~*~tactically~*~*~ (hiding).
  7093 | D:8      | Found a runed translucent gate.
  7093 | D:8      | Found a runed translucent gate.
  7093 | D:8      | Found a runed translucent gate.
  7095 | D:8      | Found an opulent altar of Gozag.
  7096 | D:8      | Noticed qw's ghost (novice NaHu)
  7143 | D:8      | 7143 ||| Stepping ~*~*~tactically~*~*~ (hiding).
  7146 | D:8      | 7146 ||| Stepping ~*~*~tactically~*~*~ (hiding).
  7162 | D:8      | 7162 ||| Stepping ~*~*~tactically~*~*~ (hiding).
  7163 | D:8      | 7163 ||| Stepping ~*~*~tactically~*~*~ (hiding).
  7164 | D:8      | 7164 ||| Stepping ~*~*~tactically~*~*~ (hiding).
  7270 | D:8      | 7270 ||| Stepping ~*~*~tactically~*~*~ (water).
  7292 | D:8      | 7292 ||| DROPPING +0 flail of protection.
  7389 | D:8      | 7389 ||| Stepping ~*~*~tactically~*~*~ (water).
  7816 | D:9      | Reached skill level 11 in Axes
  8097 | D:9      | Found a staircase to the Lair.
  8178 | D:9      | Noticed an ice statue
  8202 | D:9      | HP: 16/65 [ice statue] (2)]
  8203 | D:9      | 8203 ||| READING scroll of teleportation.
  8204 | D:9      | Killed an ice statue
  8204 | D:9      | HP: 6/65 [something (3)]
  8205 | D:9      | 8205 ||| Stepping ~*~*~tactically~*~*~ (cloud).
  8646 | D:9      | 8646 ||| DRINKING 2 sedimented puce potions.
  8646 | D:9      | Gained mutation: Your muscles are strong. (Str +4, Int/Dex
                  | -1) [potion of mutation]
  8646 | D:9      | Gained mutation: Your mind is acute. (Int +4, Str/Dex -1)
                  | [potion of mutation]
  8647 | D:9      | 8647 ||| READING 2 scrolls of identify.
  8647 | D:9      | 8647 ||| IDENTIFYING lumpy yellow potion
  8654 | D:10     | Entered Level 10 of the Dungeon
  8663 | D:10     | Noticed a gargoyle
  8671 | D:10     | Killed a gargoyle
  8672 | D:10     | Reached skill level 9 in Fighting
  8680 | D:10     | Reached XP level 11. HP: 50/71 MP: 11/11
  8756 | D:10     | 8756 ||| Stepping ~*~*~tactically~*~*~ (hiding).
  8968 | D:10     | Reached skill level 12 in Axes
  9043 | D:10     | Noticed a soul eater
  9208 | D:10     | 9208 ||| Stepping ~*~*~tactically~*~*~ (stealth).
  9210 | D:10     | 9210 ||| Stepping ~*~*~tactically~*~*~ (stealth).
  9213 | D:10     | 9213 ||| Stepping ~*~*~tactically~*~*~ (stealth).
  9216 | D:10     | 9216 ||| Stepping ~*~*~tactically~*~*~ (stealth).
  9217 | D:10     | 9217 ||| Stepping ~*~*~tactically~*~*~ (stealth).
  9230 | D:10     | 9230 ||| Stepping ~*~*~tactically~*~*~ (hiding).
  9231 | D:10     | 9231 ||| Stepping ~*~*~tactically~*~*~ (hiding).
  9275 | D:10     | 9275 ||| Stepping ~*~*~tactically~*~*~ (stealth).
  9307 | D:10     | Reached skill level 9 in Armour
  9574 | D:10     | Found a staircase to the Orcish Mines.
  9589 | D:10     | Reached skill level 6 in Shields
  9608 | D:10     | HP: 14/71 [troll (10)]
  9612 | D:10     | HP: 3/71 [troll (13)]
  9620 | D:10     | HP: 2/72 [orc warrior/+0 flail (3)]
  9625 | D:10     | Mangled by an ogre

Levels and vault maps discovered:
D:1:      dpeg_arrival_boxorama, layout_basic, minmay_nonomino_d4
D:2:      layout_basic, hangedman_abyss_or_decor_stabs, hex_tiny,
          kennysheep_jessica_study, uniq_jessica
D:3:      layout_basic, shapermc_ecumenical_altar_acropolis, kennysheep_donut
D:4:      layout_basic, mainiacjoe_overflow_alcove_4, columned_hall_lemuel,
          kennysheep_minor_cross, hangedman_minor_gate_pass, uniq_duvessa,
          uniq_robin, uniq_ijyb
D:5:      layout_layer_cave, mainiacjoe_overflow_tiny_flanked,
          uniq_blork_the_orc, uniq_grinder
D:6:      layout_cave_pods, minmay_temple_entry_offerings, uniq_maggie,
          uniq_edmund
D:7:      layout_cave_pools, jmf_multi_god_temple2,
          chequers_serial_rivers_marsh, kennysheep_opposing_triangles
D:8:      layout_basic, ebering_ghost_gozag, enter_bailey_3
D:9:      layout_cave_pools, dpeg_oklobed_lair, minivault_16
D:10:     layout_cave_pools, kennysheep_orc_monster_closet_entryway,
          special_room [special_room_orc]
Temple:   dpeg_three_leaves_temple

Skill      XL: |  1  2  3  4  5  6  7  8  9 10 11 |
---------------+----------------------------------+-----
Axes           | 2 3 4 5 6 7 8 10 11 12 | 12.0
Fighting       | 4 5 6 7 9 |  9.9
Armour         | 4 6 8 9 |  9.0
Dodging        | 1 |  1.0
Throwing       | 1 |  1.1
Shields        | 4 5 6 |  6.0

Action                     |  1- 3 |  4- 6 |  7- 9 | 10-12 || total
---------------------------+-------+-------+-------+-------++-------
  Melee: War axe           |    99 |    30 |       |       ||   129
         Broad axe         |       |    59 |   345 |   407 ||   811
  Throw: Boomerang         |       |    14 |    77 |    66 ||   157
    Use: Scroll            |     5 |     2 |     6 |     5 ||    18
         Potion            |     1 |       |     4 |     1 ||     6
 Armour: Scale mail        |    48 |     2 |       |       ||    50
         Plate armour      |       |    42 |   305 |   245 ||   592
  Dodge: Dodged            |    57 |    21 |   136 |   283 ||   497
  Block: Buckler           |    24 |     9 |    70 |   103 ||   206

Table legend:
 A = Non-vault XP
 B = Vault XP
 C = Vault XP percentage of total XP
 D = Non-vault monster count
 E = Vault monster count
 F = Vault count percentage of total count
                 A         B        C        D         E       F
            +---------+---------+-------+---------+---------+-------
      Total |   10447 |    4054 |  28.0 |     224 |      67 |  23.0
            +---------+---------+-------+---------+---------+-------
        D:1 |      36 |       3 |   7.7 |      18 |       2 |  10.0
        D:2 |      66 |      39 |  37.1 |      22 |       2 |   8.3
        D:3 |     200 |       0 |   0.0 |      20 |       0 |   0.0
        D:4 |     721 |     357 |  33.1 |      37 |      18 |  32.7
        D:5 |     386 |     380 |  49.6 |      19 |       2 |   9.5
        D:6 |     559 |     518 |  48.1 |       7 |       2 |  22.2
        D:7 |    1157 |     229 |  16.5 |      21 |       4 |  16.0
        D:8 |    2721 |       7 |   0.3 |      28 |       4 |  12.5
        D:9 |     897 |     442 |  33.0 |      17 |       1 |   5.6
       D:10 |    3704 |    2079 |  36.0 |      35 |      32 |  47.8
            +---------+---------+-------+---------+---------+-------
